 Dungeon Crawl Stone Soup version 0.22-a0-322-g60b3cfd (webtiles) character file.

16879 galech the Grappler (level 12, -12/109 HPs)
             Began as a Troll Monk on Apr 5, 2018.
             Was a High Priest of Hepliaklqana.
             Killed from afar by a frost giant (30 damage)
             ... with a bolt of cold
             ... on level 10 of the Dungeon.
             The game lasted 00:20:05 (9540 turns).

galech the Grappler (Troll Monk)                    Turns: 9540, Time: 00:20:06

Health: -12/109    AC: 10    Str: 26    XL:     12   Next: 13%
Magic:  11/11      EV: 14    Int:  6    God:    Hepliaklqana [*****.]
Gold:   256        SH:  0    Dex: 12    Spells: 11/11 levels left

rFire    . . .     SeeInvis .     - Unarmed
rCold    . . .     Gourm    +   (no shield)
rNeg     . . .     Faith    +   L - +0 troll leather armour
rPois    .         Spirit   .   (helmet restricted)
rElec    .         Reflect  .   w - +2 cloak
rCorr    .         Harm     .   (gloves unavailable)
MR       .....                  (boots unavailable)
Stlth    +.........             J - amulet of faith
HPRegen  1.08/turn              (no ring)
MPRegen  0.12/turn              (no ring)

@: lethally poisoned (-12 -> -12), studying Polearms
A: large, unfitting armour, reduced essence, claws 3, fast metabolism 3,
gourmand, regeneration 1, shaggy fur 1, tough skin 2
a: Recall Ancestor, Ancestor Identity, Transference, Idealise, Renounce Religion


You were on level 10 of the Dungeon.
You worshipped Hepliaklqana.
Hepliaklqana was extremely pleased with you.
You were completely stuffed.

You visited 1 branch of the dungeon, and saw 10 of its levels.

You collected 587 gold pieces.
You spent 331 gold pieces at shops.

Inventory:

Hand Weapons
 v - the +10 spear of Suyfagoa {antimagic, rPois MR- Stlth+}
   (You found it on level 6 of the Dungeon)

   It reduces the magical energy of the wielder, and disrupts the spells and
   magical abilities of those hit.
   Natural abilities and divine invocations are not affected.
   It protects you from poison.
   It affects your resistance to hostile enchantments.
   It makes you more stealthy.
Armour
 w - a +2 cloak (worn)
 L - a +0 troll leather armour (worn)
Jewellery
 y - an uncursed amulet of rage
 J - an amulet of faith (around neck)
Wands
 z - a wand of random effects (32)
 E - a wand of iceblast (11)
 F - a wand of paralysis (11)
 K - a wand of polymorph (17)
 M - a wand of acid (8)
Scrolls
 d - 3 scrolls of noise
 f - 4 scrolls of remove curse
 i - 8 scrolls of teleportation
 j - 3 scrolls of enchant weapon
 k - 2 scrolls of immolation
 n - 3 scrolls of blinking
 p - a scroll of random uselessness
 q - a scroll of fog
 r - 2 scrolls of magic mapping
 t - a scroll of amnesia
 x - 2 scrolls of enchant armour
 A - a scroll of torment {unknown}
 B - a scroll of fear
 C - a scroll of acquirement
 I - a scroll of identify
Potions
 c - 2 potions of degeneration {unknown}
 e - 8 potions of curing {unknown}
 g - 2 potions of flight {unknown}
 h - 3 potions of haste {unknown}
 l - 2 potions of might {unknown}
 m - a potion of agility {unknown}
 o - 3 potions of magic {unknown}
 s - 5 potions of heal wounds {unknown}
 D - 2 potions of lignification {unknown}
 G - a potion of brilliance {unknown}
 H - a potion of mutation {unknown}
Books
 u - a manual of Polearms
Comestibles
 a - 2 chunks of flesh
 b - 32 rations


   Skills:
 + Level 8.7 Fighting
 + Level 2.7 Armour
 + Level 8.7 Dodging
 - Level 1.0 Stealth
 * Level 13.8 Unarmed Combat


You had 11 spell levels left.
You didn't know any spells.

Dungeon Overview and Level Annotations

Branches:
Dungeon (10/15)            Temple (0/1) D:5            Lair (0/6) D:8
    Orc: D:9-12

Altars:
Ashenzari
Hepliaklqana
Okawaru
Ru
Trog
Wu Jian
Xom
Yredelemnul
Zin

Shops:
D:5 :   D:8 ?


Innate Abilities, Weirdness & Mutations

You are too large for most types of armour.
You have claws for hands.
Your metabolism is lightning-fast.
You like to eat raw meat.
Your natural rate of healing is unusually fast.
You are covered in fur. (AC +1)
You have very tough skin. (AC +2)
Your life essence is reduced to manifest your ancestor. (-10% HP)


Message History

The frost giant is wielding a battleaxe of freezing.
You feel sick.
The frost giant shouts!
The tengu reaver shouts!
The tengu reaver moves out of view.
The frost giant casts a spell at you. The bolt of cold hits you!
Found six items.
You swap places.
There is an open door here.
Edmée hits the frost giant with a dagger of draining.
The frost giant hits Edmée with a battleaxe of freezing!!!
The frost giant freezes Edmée!
Edmée is destroyed!
You feel sick. The frost giant casts a spell at you. The bolt of cold hits you!
* * * LOW HITPOINT WARNING * * *
The frost giant gestures at you while chanting.
The bolt of cold hits you!
You die...

)###..#.##########.####..........
.).............}.........(.R.....
)#########################'#####.
.#...#.#...#####.#### ##.....###.
.#.#.....#.##..#.#..###..###..##.
.#..##.##..##†.#...)##..##.##..#.
.##.#.#.#.####.#.#####..#...#..#.
.#...#(#...'.........#.##...##.#.
.##.#.#.#.######@#.###.#.....#.#.
.#..##.##..##....#..##.#.....#.#.
.#.#.÷...#.##..#.#..##.#....)#.#.
.#...#.#...#####.#####.........#.
.#####†##### #'## #####'#####.
.#..###..### #.#C# #...R.....#.
.#.#).#.#..# #.#.#.# #.#.#######.
.###.#.##.###.##C #.##.#.......#.
.#..##..####.# [Q #.#.#.#.###.#.


You could see a frost giant.

Vanquished Creatures
  6 two-headed ogres
  Erica (D:8)
  The ghost of Borgoz the Cleaver, a novice MiBe of Trog (D:6)
  2 unseen horrors (D:10)
  Pikel (D:8)
  An ugly thing (D:10)
  A deep elf mage (D:10)
  2 centaur zombies (D:10)
  Psyche (D:8)
  A komodo dragon (D:8)
  A troll (D:9)
  A hornet (D:7)
  Prince Ribbit (D:6)
  A shadow (D:8)
  2 wyverns
  Eustachio (D:5)
  A wraith (D:10)
  2 yaks
  6 humans (D:7)
  2 hogs (D:7)
  A soldier ant (D:10)
  A water moccasin (D:10)
  5 orc warriors
  3 sky beasts
  5 ice beasts
  A necrophage (D:8)
  3 black bears (D:8)
  2 eyes of draining
  4 phantoms
  A centaur (D:7)
  2 crocodiles (D:10)
  5 bullfrogs
  Blork the orc (D:6)
  A water moccasin zombie (D:7)
  A gnoll sergeant (D:7)
  3 scorpions
  5 killer bees (D:10)
  9 wights (D:10)
  3 howler monkeys
  3 crimson imps
  A quasit (D:9)
  A bullfrog zombie (D:10)
  4 orc priests
  6 hounds
  2 bullfrog skeletons
  4 jellies
  5 orc wizards
  Jessica (D:2)
  Natasha (thrice) (D:3 D:5)
  4 centaur skeletons
  6 iguanas
  8 worker ants
  A killer bee zombie (D:9)
  2 hound zombies
  A howler monkey zombie (D:9)
  A howler monkey skeleton (D:5)
  9 gnolls
  17 adders
  2 shadow imps (D:7)
  A worm (D:2)
  2 adder skeletons
  A dart slug (D:2)
  9 leopard geckos
  28 orcs
  2 giant cockroaches (D:1)
  7 goblins
  2 hobgoblins
  11 jackals
  8 kobolds
  7 quokkas
  2 ball pythons
  4 bats
  6 frilled lizards
  A quokka skeleton (D:5)
  6 rats
  A plant (D:8)
270 creatures vanquished.

Vanquished Creatures (collateral kills)
  A hog (D:7)
  An ogre (D:8)
  A bullfrog (D:7)
  2 orc wizards
  Terence (D:3)
  2 adders
  An adder zombie (D:6)
  2 leopard geckos
  2 orcs (D:4)
  A jackal (D:3)
  2 frilled lizards (D:3)
16 creatures vanquished.

Vanquished Creatures (others)
  2 slaves (D:8)
  A black bear (D:8)
  2 hexers (D:10)
  A hound (D:8)
6 creatures vanquished.

Grand Total: 292 creatures vanquished

Notes
Turn   | Place    | Note
-------+----------+-------------------------------------------
     0 | D:1      | galech the Troll Monk began the quest for the Orb.
     0 | D:1      | Reached XP level 1. HP: 22/22 MP: 0/0
   304 | D:1      | Reached XP level 2. HP: 29/29 MP: 1/1
   906 | D:2      | Reached XP level 3. HP: 31/36 MP: 2/2
  1031 | D:2      | Found a hazy altar of Hepliaklqana.
  1033 | D:2      | Noticed Jessica
  1041 | D:2      | Killed Jessica
  1041 | D:2      | Reached skill level 4 in Unarmed Combat
  1047 | D:2      | Became a worshipper of Hepliaklqana the Forgotten
  1047 | D:2      | Reached * piety under Hepliaklqana
  1047 | D:2      | Reached ** piety under Hepliaklqana
  1267 | D:2      | Found a bloodstained altar of Trog.
  1317 | D:2      | Reached XP level 4. HP: 38/39 MP: 3/3
  1459 | D:2      | Remembered your ancestor Edmée as a hexer
  1573 | D:3      | Noticed Natasha
  1581 | D:3      | Killed Natasha
  1634 | D:3      | Noticed Terence
  1644 | D:3      | Killed Terence
  1644 | D:3      | Reached XP level 5. HP: 30/47 MP: 4/4
  1741 | D:3      | Noticed Natasha
  1747 | D:3      | Killed Natasha
  1815 | D:3      | Found a faded altar of an unknown god.
  1928 | D:4      | Reached skill level 5 in Unarmed Combat
  2181 | D:4      | Reached XP level 6. HP: 53/54 MP: 5/5
  2318 | D:4      | Noticed an ice beast
  2326 | D:4      | Killed an ice beast
  2394 | D:5      | Entered Level 5 of the Dungeon
  2546 | D:5      | Reached *** piety under Hepliaklqana
  2557 | D:5      | Found a staircase to the Ecumenical Temple.
  2617 | D:5      | Reached skill level 6 in Unarmed Combat
  2649 | D:5      | Found a shimmering altar of Xom.
  2691 | D:5      | Reached XP level 7. HP: 50/61 MP: 6/6
  2702 | D:5      | Found Potiol's Book Shop.
  2778 | D:5      | Noticed Natasha
  2779 | D:5      | Killed Natasha
  2813 | D:5      | Found a shattered altar of Ashenzari.
  3135 | D:6      | Found an ornate altar of the Wu Jian Council.
  3135 | D:6      | Noticed Prince Ribbit
  3137 | D:6      | Noticed Eustachio
  3209 | D:5      | Killed Eustachio
  3209 | D:5      | Reached skill level 7 in Unarmed Combat
  3321 | D:6      | Noticed Blork the orc
  3327 | D:6      | Killed Prince Ribbit
  3327 | D:6      | Reached XP level 8. HP: 41/71 MP: 7/7
  3406 | D:6      | Killed Blork the orc
  3407 | D:6      | Noticed Borgoz's ghost (novice MiBe)
  3525 | D:6      | Killed Borgoz's ghost
  3525 | D:6      | Reached skill level 5 in Fighting
  3525 | D:6      | Reached skill level 5 in Dodging
  3525 | D:6      | Reached skill level 8 in Unarmed Combat
  3640 | D:6      | Got a slimy spear
  3645 | D:6      | Noticed a two-headed ogre
  3655 | D:6      | Killed a two-headed ogre
  3655 | D:6      | Reached skill level 9 in Unarmed Combat
  3655 | D:6      | Reached XP level 9. HP: 30/80 MP: 8/8
  3757 | D:6      | Identified the +10 spear of Suyfagoa {antimagic, rPois MR- Stlth+} (You found it on level 6 of the Dungeon)
  3834 | D:6      | Found a basalt altar of Yredelemnul.
  4449 | D:7      | Found a shimmering altar of Xom.
  4480 | D:7      | Reached skill level 10 in Unarmed Combat
  4580 | D:7      | Paralysed by a hornet for 3 turns
  4870 | D:7      | Reached XP level 10. HP: 90/90 MP: 9/9
  4887 | D:7      | You fall through a shaft for 3 floors!
  4887 | D:10     | Entered Level 10 of the Dungeon
  4964 | D:10     | Noticed a two-headed ogre
  4978 | D:10     | Killed a two-headed ogre
  4978 | D:10     | Reached skill level 11 in Unarmed Combat
  5236 | D:9      | Found an iron altar of Okawaru.
  5267 | D:9      | Reached **** piety under Hepliaklqana
  5413 | D:7      | Noticed an angel
  5414 | D:7      | Found a glowing silver altar of Zin.
  6307 | D:8      | Found a runed door.
  6384 | D:8      | Reached skill level 12 in Unarmed Combat
  6444 | D:8      | Noticed a two-headed ogre
  6451 | D:8      | Killed a two-headed ogre
  6451 | D:8      | Reached XP level 11. HP: 55/98 MP: 10/10
  6459 | D:8      | Noticed a two-headed ogre
  6464 | D:8      | Killed a two-headed ogre
  6622 | D:8      | Found a runed door.
  6630 | D:8      | Noticed Pikel
  6645 | D:8      | Killed Pikel
  6758 | D:8      | Found an iron altar of Okawaru.
  6799 | D:8      | Found Dukoyh's Magic Scroll Shop.
  6807 | D:8      | Bought a scroll of identify for 26 gold pieces
  6807 | D:8      | Bought a scroll of identify for 26 gold pieces
  6807 | D:8      | Bought a scroll of identify for 26 gold pieces
  6807 | D:8      | Bought a scroll of teleportation for 39 gold pieces
  6807 | D:8      | Bought a scroll of enchant armour for 97 gold pieces
  6807 | D:8      | Bought 3 scrolls of teleportation for 117 gold pieces
  6808 | D:8      | Identified a scroll of acquirement
  6815 | D:8      | Noticed Psyche
  6817 | D:8      | Noticed Erica
  6818 | D:8      | Killed Psyche
  6822 | D:8      | Killed Erica
  6879 | D:8      | Found a sacrificial altar of Ru.
  7206 | D:8      | Found a staircase to the Lair.
  7539 | D:9      | Reached ***** piety under Hepliaklqana
  7930 | D:9      | Reached skill level 13 in Unarmed Combat
  8496 | D:10     | Noticed a two-headed ogre
  8503 | D:10     | Killed a two-headed ogre
  8607 | D:10     | Killed an unseen horror
  8607 | D:10     | Reached skill level 1 in Armour
  8750 | D:10     | Noticed a two-headed ogre
  8759 | D:10     | Killed a two-headed ogre
  8849 | D:10     | Noticed a deep elf mage
  8854 | D:10     | Killed a deep elf mage
  8935 | D:10     | Killed an unseen horror
  9025 | D:10     | Reached XP level 12. HP: 102/109 MP: 5/11
  9535 | D:10     | Noticed a frost giant
  9535 | D:10     | Noticed a tengu reaver
  9536 | D:10     | Found the +6 shillelagh "Devastator" {shatter}
  9540 | D:10     | Killed from afar by a frost giant

Vault maps used:
D:1:      sevenhm_arrival_forest_fort_small_3, minmay_pentomino_u4
D:2:      minmay_diamond_boxcup, old_standard_altar, old_standard_altar,
          uniq_jessica
D:3:      chequers_ecumenical_altar_twisty, uniq_natasha, uniq_terence
D:5:      lemuel_coloured_pillars_altar, lemuel_doored_altar,
          minmay_temple_entry_statues_fountains, serial_shops,
          nicolae_shop_competitors_out_of_business, first_ration
D:6:      kennysheep_big_flooded_room, kennysheep_mini_moat, old_standard_altar,
          uniq_eustachio, uniq_blork_the_orc, uniq_prince_ribbit1
D:7:      minmay_opposing_rooms, zin_angel, basic_altar, grunt_livestock,
          minmay_ruffians
D:8:      cheibrodos_histonic, nicolae_ru_path_of_blood, marbit_many_paths,
          david_lair_shrubbed, serial_shops, shop, uniq_psyche, uniq_erica,
          uniq_pikel
D:9:      serial_glass, glass_columns_c, glass_columns_b, okawaru_trees_2
D:10:     minmay_the_grid_3x3

Skill      XL: |  1  2  3  4  5  6  7  8  9 10 11 |
---------------+----------------------------------+-----
Unarmed Combat | 4 5 6 7 9 10 12 13 | 13.8
Fighting       | 3 4 5 6 7 8 |  8.7
Dodging        | 3 4 5 6 7 8 |  8.7
Armour         | 2 |  2.7
Stealth        | |  1.0

Action                   |  1- 3 |  4- 6 |  7- 9 | 10-12 || total
-------------------------+-------+-------+-------+-------++-------
Melee: Unarmed           |    85 |   116 |   175 |   456 ||   832
       Punch             |     4 |     3 |     9 |    34 ||    50
Invok: Ancestor Life: He |       |     1 |       |       ||     1
       Ancestor Identity |       |       |     1 |     1 ||     2
       Recall Ancestor   |       |       |       |     1 ||     1
  Use: Scroll            |       |     7 |       |     7 ||    14
 Stab: Sleeping          |     2 |     4 |     1 |     1 ||     8
       Distracted        |       |       |     3 |     4 ||     7
       Confused          |       |       |     2 |     2 ||     4
  Eat: Chunk             |    16 |    14 |    20 |    43 ||    93
Armor: Robe              |    22 |    33 |    50 |    73 ||   178
       Troll leather arm |       |       |       |    63 ||    63
Dodge: Dodged            |    37 |    68 |    80 |   266 ||   451

Table legend:
 A = Spawn XP
 B = Non-spawn XP
 C = Spawn XP percentage of total XP
 D = Spawn monster count
 E = Non-spawn monster count
 F = Spawn count percentage of total count
 G = Total turns spent on level
                    A         B        C        D         E        F      G
               +---------+---------+-------+---------+---------+-------+---------
         Total |       0 |   24113 |   0.0 |       0 |     285 |   0.0 |  9540
               +---------+---------+-------+---------+---------+-------+---------
           D:1 |       0 |      23 |   0.0 |       0 |      16 |   0.0 |   822
           D:2 |       0 |      79 |   0.0 |       0 |      17 |   0.0 |   678
           D:3 |       0 |     192 |   0.0 |       0 |      25 |   0.0 |   394
           D:4 |       0 |     224 |   0.0 |       0 |      11 |   0.0 |   500
           D:5 |       0 |     768 |   0.0 |       0 |      22 |   0.0 |  1130
           D:6 |       0 |    2739 |   0.0 |       0 |      23 |   0.0 |   895
           D:7 |       0 |    3265 |   0.0 |       0 |      39 |   0.0 |  1242
           D:8 |       0 |    6491 |   0.0 |       0 |      43 |   0.0 |  1293
           D:9 |       0 |    1129 |   0.0 |       0 |      18 |   0.0 |  1210
          D:10 |       0 |    9203 |   0.0 |       0 |      71 |   0.0 |  1376
               +---------+---------+-------+---------+---------+-------+---------
